 Dungeon Crawl Stone Soup version 0.28-a0-779-g3d1f99b579 (webtiles) character file.

Game seed: 10100009847930215022

541 croobank the Chopper (level 7, -14/61 HPs)
             Began as a Minotaur Berserker on Nov 3, 2021.
             Was a Priest of Trog.
             Demolished by an ogre (19 damage)
             ... on level 5 of the Dungeon.
             The game lasted 00:25:13 (3948 turns).

croobank the Chopper (Minotaur Berserker)           Turns: 3948, Time: 00:25:14

Health: -14/61     AC:  6    Str: 23    XL:     7   Next: 5%
Magic:  6/6        EV: 12    Int:  4    God:    Trog [***...]
Gold:   102        SH:  0    Dex: 10    Spells: 6/6 levels left

rFire   . . .      SeeInvis .   a - +0 hand axe
rCold   . . .      Faith    .   (no shield)
rNeg    . . .      Spirit   .   c - +0 leather armour
rPois   .          Reflect  .   (helmet restricted)
rElec   .          Harm     .   (no cloak)
rCorr   .          Rampage  .   (no gloves)
Will    .....                   l - +2 pair of boots
Stlth   +.........              (no amulet)
HPRegen 0.20/turn               (no ring)
MPRegen 0.10/turn               (no ring)

@: no status effects
A: horns 2, retaliatory headbutt
a: Renounce Religion, Berserk, Trog's Hand


You were on level 5 of the Dungeon.
You worshipped Trog.
Trog was most pleased with you.
You visited 1 branch of the dungeon, and saw 5 of its levels.
You also visited: Sewer.

You collected 102 gold pieces.

Inventory:

Hand Weapons
 a - a +0 hand axe (weapon)
 q - a +0 falchion
 v - a +0 spear of freezing
Missiles
 g - 126 stones
 i - 44 arrows
 s - 18 poisoned darts
 w - a boomerang (quivered)
 E - 23 sling bullets
Armour
 b - a +0 animal skin
 c - a +0 leather armour (worn)
 l - a +2 pair of boots (worn)
 r - a +0 scale mail
 u - a +0 ring mail
 x - a +2 pair of gloves
 B - a +0 kite shield
Jewellery
 h - an amulet of guardian spirit
Wands
 m - a wand of iceblast (2)
Scrolls
 e - 2 scrolls of blinking
 f - a scroll of silence {unknown}
 k - a scroll of fear
 o - a scroll of teleportation {unknown}
 t - 2 scrolls of enchant armour {unknown}
 y - a scroll of immolation
 z - 2 scrolls of enchant weapon {unknown}
 A - 2 scrolls of brand weapon {unknown}
 C - a scroll of noise {unknown}
Potions
 d - a potion of attraction
 j - 2 potions of haste
 n - 2 potions of resistance
 p - 2 potions of flight {unknown}
 D - a potion of might {unknown}
 F - a potion of curing {unknown}


   Skills:
 + Level 5.3 Fighting
 + Level 6.1 Axes
 + Level 2.3 Throwing
 + Level 3.7 Armour
 + Level 4.0 Dodging
 + Level 1.2 Stealth
 + Level 0.7 Evocations


You had 6 spell levels left.
You didn't know any spells.
Your spell library was empty.

Dungeon Overview and Level Annotations

Branches:
Dungeon (5/15)             Temple (0/1) D:4           Sewer (visited)

Altars:
The Shining One


Innate Abilities, Weirdness & Mutations

You have a pair of horns on your head.
You reflexively headbutt those who attack you in melee.


Message History

You kill the scorpion!
Trog accepts your kill.
You feel sick.
Your Dodging skill increases to level 4!
You have reached level 7!
You start resting.
You feel sick. x6
You are no longer poisoned.
You start resting.
An ogre comes into view. It is wielding a +0 giant club.
Found a stone staircase leading down.
The ogre shouts!
Throw: boomerang
Press: ? - help, Q - select action, (/) - cycle Shift-Dir - straight line, f - ogre
Aim: an ogre, wielding a +0 giant club (74% to hit)
You throw a boomerang. The boomerang hits the ogre!
The ogre is moderately wounded.
Throw: boomerang
Press: ? - help, Q - select action, (/) - cycle Shift-Dir - straight line, f/p - ogre
Aim: an ogre, wielding a +0 giant club (moderately wounded, 74% to hit)
You throw a boomerang.
The boomerang hits the ogre but does no damage.
The ogre is moderately wounded.
You slash the ogre!
The ogre is severely wounded.
The ogre hits you with a +0 giant club!
You hit the ogre.
The ogre is severely wounded.
You barely miss the ogre.
The ogre is severely wounded.
The ogre closely misses you. You furiously retaliate!
You headbutt the ogre, but do no damage.
You hit the ogre.
The ogre is severely wounded.
The ogre hits you with a +0 giant club!!
* * * LOW HITPOINT WARNING * * *
You hit the ogre. You headbutt the ogre.
The ogre is almost dead.
An ogre opens the door.
The ogre hits you with a +0 giant club!!
You die...

#........ #... ...
#....... #......O
###...#'#+####
....#...#.#..#
###..........###########
.......@..#.#...........
####..O####.#.##########
....... #.#.#....# #
#####.> #.#.#.##.# # #.#
#.#.#.##<# # ..
#.#.#.######## ###
..#.#.##......
#.#.##.#####
#####+###'#'##.#


You could see 2 ogres.

Vanquished Creatures
  Pargi (Sewer)
  A gnoll sergeant (D:4)
  A scorpion (D:5)
  A water moccasin skeleton (D:4)
  A centaur skeleton (D:5)
  Ijyb (D:3)
  An iguana (D:5)
  Terence (D:3)
  6 adders
  3 gnolls (D:4)
  An adder skeleton (D:4)
  3 worms
  A dart slug (D:4)
  5 orcs (D:4)
  11 ball pythons
  2 bats
  7 endoplasms
  5 giant cockroaches
  6 hobgoblins
  2 jackals (D:1)
  7 kobolds
  7 quokkas
  7 frilled lizards
  7 goblins
  3 rats
91 creatures vanquished.

Notes
Turn   | Place    | Note
-------+----------+-------------------------------------------
     0 | D:1      | croobank the Minotaur Berserker began the quest for the
                  | Orb.
     0 | D:1      | Reached XP level 1. HP: 19/19 MP: 0/0
   293 | D:1      | Reached skill level 4 in Axes
   295 | D:1      | Reached XP level 2. HP: 27/27 MP: 1/1
  1112 | D:2      | Reached XP level 3. HP: 34/34 MP: 2/2
  1139 | D:2      | Reached ** piety under Trog
  1275 | D:2      | Found a faded altar of an unknown god.
  1737 | D:3      | Noticed Ijyb
  1757 | D:3      | Killed Ijyb
  1758 | D:3      | Reached XP level 4. HP: 37/41 MP: 3/3
  1934 | D:3      | Noticed Terence
  1943 | D:3      | Killed Terence
  2493 | D:4      | Noticed a gnoll sergeant
  2499 | D:4      | Killed a gnoll sergeant
  2500 | D:4      | Reached skill level 5 in Axes
  2500 | D:4      | Reached skill level 1 in Throwing
  2500 | D:4      | Reached XP level 5. HP: 34/47 MP: 4/4
  2505 | D:4      | Reached skill level 1 in Stealth
  2534 | D:4      | Reached skill level 5 in Fighting
  2547 | D:4      | Found a glowing drain.
  2617 | Sewer    | Entered a sewer
  2763 | Sewer    | Noticed Pargi
  2776 | Sewer    | Killed Pargi
  2777 | Sewer    | Reached XP level 6. HP: 30/56 MP: 5/5
  3054 | D:4      | Found a glowing golden altar of the Shining One.
  3112 | D:4      | Reached *** piety under Trog
  3557 | D:4      | Found a staircase to the Ecumenical Temple.
  3778 | D:5      | Entered Level 5 of the Dungeon
  3805 | D:5      | Reached skill level 6 in Axes
  3916 | D:5      | Reached XP level 7. HP: 39/61 MP: 6/6
  3948 | D:5      | Demolished by an ogre

Illustrated notes

Levels and vault maps discovered:
D:1:      dpeg_arrival_arbitrary_c, layout_basic
D:2:      layout_rooms, hellmonk_ecumenical_altar_heavens_door
D:3:      layout_basic, minmay_misc_feat_enclosed, uniq_terence, uniq_ijyb
D:4:      kennysheep_big_flooded_room, layout_loops_ring,
          mainiacjoe_overflow_six_doors_small, portal_sewer_entry_f,
          minmay_misc_feat_more_columns
D:5:      layout_basic, corner_web_ring, uniq_sigmund

Skill      XL: |  1  2  3  4  5  6 |
---------------+-------------------+-----
Axes           | 4 5 6 |  6.1
Fighting       | 4 5 |  5.3
Armour         | 3 |  3.7
Throwing       | 1 2 |  2.3
Dodging        | 3 4 |  4.0
Stealth        | 1 |  1.2
Evocations     | |  0.7

Action                   |  1- 3 |  4- 6 |  7- 9 || total
-------------------------+-------+-------+-------++-------
Melee: Hand axe          |    92 |   109 |     5 ||   206
       Headbutt          |    12 |    14 |     1 ||    27
Throw: Stone             |    20 |       |       ||    20
       Dart              |       |     6 |       ||     6
       Boomerang         |       |    29 |     2 ||    31
Evoke: Wand              |       |     7 |       ||     7
  Use: Scroll            |     7 |     1 |       ||     8
       Potion            |     1 |       |       ||     1
Armor: Leather armour    |    32 |    46 |       ||    78
Dodge: Dodged            |    58 |    70 |     1 ||   129

Table legend: (Time is in decaauts)
 A = Elapsed time spent in this place.
 B = Non-inter-level travel time spent in this place.
 C = Inter-level travel time spent in this place.
 D = Time resting spent in this place.
 E = Time spent auto-exploring this place.
 F = Levels seen in this place.
 G = Mean time per level.
                   A        B        C        D        E       F      G
               +--------+--------+--------+--------+--------+-----+--------+
         Total |   4013 |   3926 |     87 |    373 |   2508 |   6 |  668.8 |
       Dungeon |   3572 |   3485 |     87 |    282 |   2306 |   5 |  714.4 |
         Sewer |    441 |    441 |      0 |     91 |    202 |   1 |  441.0 |
               +--------+--------+--------+--------+--------+-----+--------+

Top non-repeatable levels by time:
     D:1: 1085 daAuts
     D:3: 945 daAuts
     D:4: 902 daAuts
     D:2: 468 daAuts
   Sewer: 441 daAuts
     D:5: 170 daAuts
